Map: Lightshade LE

Players

JonSnow - Winner!

  • Race: Zerg Zerg
  • League: Grandmaster
  • Spawn Location: 5:00

Vindicta

  • Race: Terran Terran
  • League: Master
  • Spawn Location: 11:00

Event: DreamHack SC2 Masters 2020 Winter

VOD

Have the link to the VOD?

Description

Time

  • Played on: Oct. 27, 2020, 5:13 p.m.
  • Length: 18:59

All games in this series

Show
View Real Time Build Order
Export as new Build Order

JonSnow Zerg - Winner!

Build Orders: Hatch First, Muta Ling Bane 

Get SALT Encoding   

  12  0:01  Drone  
  13  0:12  Overlord  
  13  0:17  Drone  
  14  0:31  Drone x2  
  14  0:34  Drone  
  17  0:51  Hatchery  
  17  0:55  Drone  
  17  0:58  Drone  
  18  1:04  Extractor  
  17  1:13  Spawning Pool  
  17  1:16  Drone  
  17  1:20  Drone  
  18  1:29  Drone  
  19  1:38  Drone  
  20  1:48  Overlord  
  20  2:00  Queen  
  22  2:02  Queen  
  22  2:03  Zergling x4  
  22  2:07  Metabolic Boost  
  26  2:12  Zergling x2  
  28  2:15  Drone  
  28  2:23  Drone  
  28  2:25  Drone  
  30  2:31  Overlord  
  29  2:41  Queen, Drone  
  32  2:52  Drone x2  
  34  2:59  Hatchery, Drone  
  34  3:05  Overlord  
  34  3:10  Overlord  
  34  3:11  Drone  
  35  3:13  Drone  
  35  3:15  Drone  
  35  3:17  Drone  
  38  3:23  Queen  
  38  3:26  Drone  
  41  3:37  Drone x3  
  41  3:39  Overlord  
  44  3:45  Zergling x4  
  44  3:47  Drone x2  
  48  3:50  Queen  
  48  3:51  Drone  
  48  3:53  Drone  
  52  3:59  Drone x2  
  52  4:00  Drone  
  55  4:03  Queen  
  57  4:13  Drone x5  
  57  4:14  Extractor  
  57  4:16  Drone x2  
  63  4:22  Overlord  
  63  4:24  Drone  
  63  4:26  Drone  
  63  4:27  Lair  
  63  4:30  Overlord  
  65  4:32  Drone  
  65  4:33  Extractor  
  65  4:36  Drone  
  65  4:37  Baneling Nest  
  65  4:41  Queen  
  65  4:44  Zergling x2  
  65  4:45  Zergling x4  
  70  4:49  Drone x3  
  72  4:54  Drone x2  
  72  4:57  Drone, Extractor  
  72  4:59  Drone  
  75  5:00  Evolution Chamber  
  75  5:01  Drone x2  
  75  5:02  Evolution Chamber  
  75  5:05  Drone x2  
  75  5:06  Drone  
  78  5:12  Spore Crawler, Drone x2  
  78  5:13  Drone  
  80  5:15  Drone x2  
  80  5:18  Drone x2  
  80  5:19  Drone  
  85  5:23  Drone, Extractor x2  
  85  5:27  Zerg Melee Weapons Level 1  
  84  5:32  Zerg Ground Armor Level 1  
  84  5:33  Drone x3  
  84  5:35  Spore Crawler  
  84  5:38  Baneling x2  
  84  5:39  Drone x3  
  87  5:46  Centrifical Hooks  
  88  5:56  Zergling x2  
  89  6:01  Spire  
  89  6:02  Hatchery, Zergling x6  
  90  6:05  Overlord  
  90  6:08  Overlord  
  90  6:10  Overlord x2  
  90  6:13  Overlord  
  90  6:23  Overlord x2  
  90  6:25  Drone  
  90  6:28  Hatchery  
  90  6:31  Overlord  
  90  6:34  Drone x3  
  90  6:35  Drone x4  
  90  6:36  Drone  
  90  6:38  Drone  
  99  6:41  Drone x2  
  99  6:46  Zergling x12  
  106  6:48  Baneling x3  
  106  6:53  Zergling x4  
  108  6:59  Drone, Baneling x2  
  109  7:13  Zerg Flyer Weapons Level 1, Mutalisk  
  109  7:14  Mutalisk x7  
  125  7:20  Mutalisk x2  
  125  7:21  Mutalisk  
  132  7:22  Drone  
  132  7:24  Extractor  
  132  7:25  Drone x2, Extractor  
  132  7:30  Zerg Melee Weapons Level 2  
  132  7:34  Zergling x8  
  132  7:35  Zergling x6  
  132  7:36  Baneling x3  
  138  7:43  Zergling x2  
  138  7:44  Zergling x8  
  143  7:49  Zerg Ground Armor Level 2  
  141  8:00  Zergling x28  
  153  8:06  Overlord  
  153  8:10  Zergling x4  
  153  8:11  Zergling x6  
  142  8:23  Zergling x20  
  145  8:31  Drone x2  
  145  8:32  Infestation Pit  
  145  8:33  Baneling x7  
  146  8:34  Mutalisk x2  
  146  8:35  Mutalisk  
  146  8:40  Zergling x10  
  146  8:41  Hatchery  
  156  8:44  Mutalisk x3  
  162  8:53  Drone x2  
  162  8:54  Drone  
  165  8:56  Spore Crawler  
  165  8:59  Overseer  
  165  9:00  Mutalisk x2  
  165  9:01  Mutalisk x2  
  172  9:03  Drone  
  172  9:06  Overseer, Baneling x2  
  173  9:14  Baneling  
  173  9:15  Baneling x5  
  173  9:22  Overlord x2  
  173  9:23  Overlord  
  167  9:31  Hive  
  163  9:33  Mutalisk x4  
  163  9:35  Zergling x10  
  173  9:43  Overseer x2  
  171  9:47  Zergling x2  
  171  9:48  Zergling x22  
  171  9:50  Zerg Flyer Weapons Level 2  
  180  9:54  Overseer  
  180  9:58  Overlord  
  178  10:03  Overlord  
  178  10:14  Baneling x3  
  178  10:15  Baneling  
  178  10:19  Baneling  
  178  10:20  Baneling x5  
  178  10:23  Zergling x12  
  178  10:24  Zergling x20  
  178  10:26  Baneling  
  178  10:27  Baneling x23  
  182  10:41  Extractor  
  171  10:46  Extractor  
  171  10:49  Zergling x46  
  169  11:02  Adrenal Glands  
  168  11:05  Ultralisk Cavern  
  168  11:06  Zerg Melee Weapons Level 3  
  168  11:11  Zergling x12  
  171  11:18  Zerg Ground Armor Level 3  
  171  11:20  Drone x5  
  174  11:27  Drone x3  
  174  11:28  Drone x3  
  174  11:29  Drone x5  
  185  11:33  Burrow, Baneling  
  185  11:34  Baneling x3  
  185  11:39  Hatchery  
  182  11:47  Baneling x4  
  182  11:51  Pneumatized Carapace  
  182  11:52  Overseer  
  182  11:53  Overseer  
  182  11:54  Chitinous Plating  
  182  12:00  Zergling x32  
  182  12:01  Zergling x2  
  174  12:04  Baneling x2  
  174  12:05  Baneling  
  174  12:14  Zergling x16  
  182  12:19  Hatchery  
  181  12:31  Ultralisk x2  
  181  12:32  Overlord  
  181  12:34  Baneling x7  
  191  13:00  Zergling x18  
  191  13:05  Baneling x8  
  184  13:21  Hatchery  
  184  13:26  Greater Spire, Pathogen Glands  
  183  13:27  Zergling x34, Spire  
  192  13:45  Zergling x2  
  192  13:46  Zergling x10  
  187  13:55  Zergling x20  
  161  14:05  Corruptor x5  
  171  14:11  Hatchery  
  171  14:14  Zergling x2  
  171  14:15  Zergling x8  
  173  14:22  Zergling x8  
  173  14:23  Overseer, Baneling x2  
  175  14:25  Corruptor  
  175  14:28  Baneling x2  
  174  14:33  Corruptor x5  
  179  14:45  Infestor  
  179  14:46  Infestor x2  
  175  15:01  Queen  
  177  15:07  Hatchery  
  177  15:08  Overlord  
  177  15:09  Zerg Flyer Armor Level 1, Spine Crawler, Zerg Flyer Weapons Level 3  
  177  15:10  Overlord x2, Spore Crawler  
  174  15:16  Baneling x2  
  172  15:41  Extractor  
  170  15:43  Extractor  
  165  15:50  Overseer  
  165  15:53  Brood Lord x11  
  187  15:57  Corruptor x6  
  187  15:59  Overseer  
  198  16:22  Baneling x2  
  198  16:23  Baneling x4  
  195  16:38  Extractor  
  195  16:39  Extractor  
  191  16:54  Corruptor x6  
  187  16:59  Zergling x6  
  187  17:00  Zergling x12  
  191  17:04  Overseer x2  
  185  17:10  Drone x2  
  185  17:11  Drone x2  
  186  17:20  Drone x13  
  199  17:27  Baneling x2  
  199  17:28  Baneling x3  
  189  17:30  Drone x5  
  189  17:36  Infestor x3  
  196  17:55  Corruptor x2  
  196  17:58  Overlord  
  196  18:16  Zergling x16  
  195  18:27  Zergling x12  
  195  18:33  Spore Crawler  
  194  18:34  Spine Crawler  
  194  18:40  Baneling x3  
Show
View Real Time Build Order
Export as new Build Order

Vindicta Terran 

Build Orders: Reaper Expand, Hellion Banshee 

Get SALT Encoding   

  12  0:00  SCV  
  13  0:12  SCV  
  14  0:17  Supply Depot  
  14  0:24  SCV  
  15  0:39  SCV  
  15  0:40  Barracks  
  16  0:42  Refinery  
  16  0:51  SCV  
  17  1:03  SCV  
  18  1:15  SCV  
  19  1:27  Orbital Command  
  19  1:28  Reaper  
  20  1:41  Command Center  
  20  1:49  Supply Depot  
  20  1:52  SCV  
  21  2:00  Marine  
  22  2:04  SCV  
  23  2:13  Factory  
  23  2:17  SCV  
  23  2:19  Barracks Reactor  
  24  2:29  SCV  
  25  2:41  SCV  
  25  2:43  Command Center  
  26  2:53  SCV, Orbital Command  
  27  3:04  Hellion x2  
  31  3:06  SCV  
  32  3:13  Starport  
  32  3:14  Barracks Tech Lab  
  32  3:19  Refinery  
  32  3:20  SCV  
  32  3:23  SCV  
  34  3:28  Hellion  
  34  3:32  Hellion  
  39  3:34  SCV  
  39  3:35  SCV  
  40  3:46  SCV  
  41  3:49  Hellion  
  41  3:51  SCV  
  41  3:53  Hellion  
  46  3:57  Orbital Command  
  46  3:58  SCV  
  46  3:59  Banshee  
  46  4:02  Barracks Tech Lab  
  50  4:03  SCV  
  51  4:10  SCV  
  51  4:12  Hellion  
  51  4:14  Hellion  
  51  4:16  SCV  
  57  4:20  Stimpack  
  57  4:22  SCV  
  58  4:25  Supply Depot  
  58  4:28  Supply Depot  
  58  4:29  SCV  
  58  4:31  SCV  
  58  4:34  SCV  
  60  4:43  SCV  
  61  4:46  SCV  
  61  4:47  Barracks  
  61  4:48  SCV  
  61  4:49  Barracks  
  61  4:51  Engineering Bay  
  63  4:54  Engineering Bay  
  63  4:56  SCV, Starport Reactor  
  63  4:57  Siege Tank  
  67  5:01  SCV x2  
  67  5:03  Refinery  
  67  5:05  Refinery  
  69  5:09  Supply Depot  
  69  5:13  SCV x2, Marine  
  72  5:21  Terran Infantry Weapons Level 1, Terran Infantry Armor Level 1  
  72  5:23  SCV  
  72  5:27  SCV  
  74  5:28  Barracks  
  74  5:29  Barracks  
  74  5:31  Marine  
  75  5:37  Marine, Siege Tank  
  75  5:39  Orbital Command  
  75  5:40  Marine  
  80  5:44  SCV, Starport Reactor, Marine  
  80  5:45  Marine  
  83  5:51  SCV  
  83  5:53  Marine  
  83  5:55  Armory  
  85  6:05  Supply Depot  
  85  6:06  Supply Depot  
  85  6:10  Combat Shield  
  85  6:14  Marine x5  
  85  6:15  SCV x3  
  93  6:19  Barracks Reactor x2  
  93  6:26  Refinery  
  93  6:27  SCV x3, Siege Tank  
  93  6:28  Supply Depot  
  93  6:32  Marine x4  
  99  6:35  Factory  
  99  6:39  SCV x3, Marine  
  107  6:40  Missile Turret x2  
  107  6:46  Missile Turret  
  107  6:47  Drilling Claws  
  107  6:48  Medivac  
  107  6:50  Marine x2  
  107  6:51  SCV, Medivac  
  107  6:53  Marine  
  117  6:57  Supply Depot  
  117  6:58  Bunker  
  115  7:01  Supply Depot  
  115  7:02  SCV x2  
  117  7:15  Marine x6  
  125  7:18  Terran Infantry Armor Level 2, Terran Infantry Weapons Level 2  
  125  7:22  Supply Depot, Marine x2  
  126  7:30  Factory Reactor  
  126  7:32  Marine x2  
  127  7:40  Command Center  
  127  7:42  Marine  
  128  7:44  Marine x2  
  128  7:45  Marine  
  128  7:46  Marine x2  
  128  7:50  Marine  
  128  7:51  Marine  
  135  7:56  Barracks x2  
  135  7:57  Barracks  
  135  7:58  Supply Depot, Siege Tank  
  135  8:02  Marine  
  135  8:03  Marine x2  
  127  8:07  Terran Vehicle And Ship Armor Level 1  
  127  8:09  Marine  
  127  8:10  Marine  
  127  8:11  Missile Turret  
  127  8:12  Marine x2  
  130  8:13  Widow Mine  
  130  8:19  Marine  
  115  8:21  Medivac x2  
  115  8:24  Marine x2  
  116  8:29  SCV  
  116  8:33  Widow Mine  
  120  8:35  Sensor Tower  
  120  8:36  Marine x2  
  120  8:37  Marine  
  120  8:40  Marine, Thor  
  128  8:48  Marine x2  
  129  8:51  Medivac, Widow Mine  
  129  8:53  Marine  
  137  8:57  Missile Turret, Marine  
  137  8:58  Widow Mine  
  137  9:00  Marine  
  139  9:04  SCV  
  139  9:05  Barracks Tech Lab  
  139  9:09  Marine x5  
  144  9:12  Marine, Widow Mine  
  147  9:17  SCV x2  
  147  9:19  SCV, Widow Mine, Marine  
  147  9:23  Widow Mine  
  150  9:25  Marine  
  152  9:31  SCV x2  
  152  9:32  SCV, Planetary Fortress  
  152  9:35  Widow Mine  
  152  9:36  Supply Depot  
  157  9:39  Marine x2  
  157  9:41  Widow Mine  
  157  9:44  Missile Turret  
  157  9:45  Widow Mine  
  162  9:47  Missile Turret, Marine x2  
  162  9:48  Marine  
  167  9:53  Terran Infantry Weapons Level 3  
  167  9:55  Terran Infantry Armor Level 3  
  167  9:56  Widow Mine  
  162  10:02  Widow Mine  
  162  10:03  Marine x2  
  162  10:04  Barracks Tech Lab x2  
  162  10:05  Medivac x2  
  166  10:09  Marine x2  
  166  10:11  Sensor Tower  
  166  10:12  Missile Turret, Widow Mine  
  170  10:15  Marine x2  
  172  10:22  Supply Depot  
  172  10:23  Supply Depot, Marine  
  172  10:26  Marine x2  
  172  10:27  Marine  
  165  10:28  Marine  
  165  10:29  Marauder  
  165  10:32  Thor  
  165  10:34  Marine x3  
  180  10:35  Hellion, Widow Mine  
  154  10:56  SCV  
  155  10:57  Widow Mine x2  
  155  10:59  Marine x2  
  155  11:00  Command Center  
  150  11:04  Marine x2  
  150  11:07  Marine  
  153  11:12  Marine  
  153  11:13  Marine x2  
  153  11:15  Marine, Thor  
  166  11:18  Widow Mine x2  
  166  11:20  Medivac  
  157  11:26  Marine  
  157  11:27  Marauder x2, Marine  
  157  11:30  Marine  
  157  11:31  Marauder  
  164  11:33  Marauder, Marine  
  164  11:34  Marine x2  
  164  11:36  Marine x2  
  173  11:40  Widow Mine  
  173  11:41  Medivac  
  173  11:44  Marine x2  
  177  11:48  Marine x2  
  177  11:51  Marine  
  181  11:57  Marine, Widow Mine  
  181  12:02  Marine  
  181  12:04  Widow Mine  
  181  12:06  Medivac, Marine x2  
  181  12:07  SCV, Marauder, Marine x2, Sensor Tower  
  189  12:11  Marauder x2, Marine x2  
  195  12:17  Marine  
  195  12:22  Marine  
  198  12:26  Marine x2  
  196  12:33  Marauder  
  196  12:35  Hellion, Missile Turret  
  198  12:38  Planetary Fortress  
  198  12:39  Command Center  
  198  12:42  Medivac  
  198  12:43  Medivac  
  200  12:45  Concussive Shells  
  200  12:55  Missile Turret  
  199  13:01  Marauder, Marine  
  195  13:12  Widow Mine  
  197  13:14  Marine  
  197  13:15  Thor  
  197  13:17  Marine x2  
  197  13:19  Marine  
  194  13:20  Marauder, Marine  
  194  13:22  Marine  
  200  13:27  Terran Vehicle And Ship Armor Level 2  
  200  13:28  Neosteel Armor  
  200  13:29  Hi-Sec Auto Tracking  
  200  13:31  Command Center x2  
  200  13:33  Widow Mine  
  192  13:45  Widow Mine  
  192  13:47  Marine  
  185  13:51  Marauder, Marine  
  185  13:52  Marine  
  185  13:53  Marine  
  185  13:54  Widow Mine  
  181  13:58  Marine x3, Widow Mine  
  181  13:59  Marauder x3  
  181  14:00  Medivac  
  181  14:01  Medivac  
  181  14:02  Marine  
  183  14:07  Widow Mine  
  186  14:11  Marine  
  186  14:13  Marauder  
  186  14:16  Missile Turret, Widow Mine  
  189  14:19  Missile Turret  
  189  14:20  Marauder, Widow Mine  
  189  14:22  Marine  
  191  14:25  Marine  
  191  14:26  Marauder  
  191  14:27  Marine  
  191  14:28  Marauder, Widow Mine  
  191  14:30  Marine x2  
  185  14:34  Marauder  
  185  14:37  Liberator x2  
  190  14:41  Planetary Fortress  
  190  14:43  Marine x2  
  190  14:45  SCV x3  
  189  14:48  Marine  
  173  14:55  Marine  
  173  15:03  Missile Turret, Refinery  
  173  15:04  Refinery  
  173  15:05  Orbital Command  
  160  15:08  Orbital Command  
  160  15:11  Missile Turret  
  160  15:14  Marauder, Marine  
  162  15:19  Widow Mine x2  
  162  15:20  Medivac x2  
  162  15:22  Marine  
  162  15:23  Marauder  
  162  15:24  SCV  
  162  15:25  Marine, Starport  
  162  15:27  Marine x3  
  162  15:28  Marine x2  
  164  15:33  Marine, Sensor Tower  
  167  15:40  Marine  
  167  15:43  Widow Mine x3, Marine  
  167  15:45  Marine  
  167  15:47  Marine x4  
  171  15:53  Marine x3  
  171  15:54  Marauder x2  
  171  15:55  Ghost Academy  
  177  15:58  Medivac  
  177  16:03  Marine x2  
  181  16:04  Starport Reactor, Widow Mine x3  
  181  16:05  Marine  
  181  16:07  Marine  
  181  16:08  Marine x2  
  187  16:12  Marauder x2  
  187  16:14  Marine x2  
  187  16:15  Marauder x2  
  197  16:24  Marine  
  198  16:26  Personal Cloaking  
  198  16:27  Command Center  
  198  16:32  Ghost  
  199  16:52  Ghost  
  197  16:56  Ghost  
  197  16:57  Ghost  
  197  16:58  Viking x2  
  197  17:00  Orbital Command  
  197  17:01  Ghost  
  182  17:04  Medivac x2  
  182  17:06  Refinery  
  172  17:19  SCV x3  
  172  17:20  SCV x3  
  172  17:21  Ghost  
  176  17:25  Ghost  
  176  17:28  Viking, Marine x2, Widow Mine  
  182  17:30  Ghost  
  182  17:31  SCV  
  184  17:37  Viking  
  184  17:40  Orbital Command  
  179  17:44  Marine  
  179  17:45  SCV, Marine x2  
  179  17:46  Marine  
  179  17:47  Marine x4  
  179  17:49  Viking  
  180  17:56  Viking  
  180  17:57  Ghost x2  
  182  18:11  Marine  
  182  18:12  Marauder  
  176  18:13  Widow Mine  
  176  18:19  Marine x2  
  170  18:22  Ghost  
  170  18:23  Marine x3  
  158  18:28  Marine x2  
  158  18:29  Marine  
  158  18:30  Marine x2  
  158  18:33  Marine  
Tags
 
Add a new tag
Caveats
  • Supply blocks, unpowered buildings, or Contaminate may cause inaccurate times.
  • Supply counts are checked every 10 seconds.